 Dungeon Crawl Stone Soup version 0.18.1-48-g4cf74bf (webtiles) character file.

149 Joat the Caller (level 5, 6/40 HPs)
             Began as a Merfolk Summoner on Sept 2, 2016.
             Quit the game on level 4 of the Dungeon.
             The game lasted 00:19:35 (3484 turns).

Joat the Caller (Merfolk Summoner)                  Turns: 3484, Time: 00:19:35

Health: 6/40       AC:  2    Str:  5 (8)  XL:     5   Next: 31%
Magic:  3/9        EV: 14    Int: 12 (15) God:
Gold:   221        SH:  0    Dex: 13 (15) Spells: 3 memorised, 1 level left

rFire  . . .     SeeInvis .     p - +0 trident
rCold  . . .     Gourm    .     a - +0 robe
rNeg   . . .     Faith    .     (no shield)
rPois  .         Spirit   .     (no helmet)
rElec  .         Dismiss  .     (no cloak)
rCorr  .         Reflect  .     (no gloves)
SustAt .         Harm     .     (no boots)
MR     .....                    (no amulet)
Stlth  ++........               (no ring)
                                (no ring)

@: very slightly contaminated, not resistant to hostile enchantments, unstealthy
A: change form in water, swift swim
a: no special abilities


You were on level 4 of the Dungeon.
You were very hungry.

You visited 1 branch of the dungeon, and saw 4 of its levels.

You collected 221 gold pieces.

Inventory:

Hand Weapons
 e - a +1 mace
 o - a +3 dagger of holy wrath
 p - a +0 trident (weapon)
Armour
 a - a +0 robe (worn)
Scrolls
 h - 3 scrolls of enchant weapon
 i - a scroll of enchant armour {unknown}
 m - a scroll of fear {unknown}
Potions
 f - a potion of magic
 l - 3 potions of degeneration
 n - a potion of brilliance
Books
 b - a book of Callings

   Spells                             Type                      Level
   a - Summon Small Mammal            Summoning                    1
   b - Call Imp                       Summoning                    2
   c - Call Canine Familiar           Summoning                    3
   d - Summon Guardian Golem          Hexes/Summoning              3
   e - Summon Lightning Spire         Summoning/Air                4
   f - Summon Ice Beast               Ice/Summoning                4
Comestibles
 c - 7 bread rations
 d - 2 royal jellies
 g - a beef jerky
 j - 3 meat rations


   Skills:
 + Level 2.9 Fighting
 + Level 0.0 Polearms
 + Level 4.3 Dodging
 - Level 2.1 Stealth
 + Level 2.6 Spellcasting
 - Level 4.5 Summonings
 + Level 0.0 Ice Magic


You had one spell level left.
You knew the following spells:

 Your Spells              Type           Power        Failure   Level  Hunger
a - Summon Small Mammal   Summ           ##..         4%          1    #......
b - Call Canine Familiar  Summ           ##......     14%         3    ###....
c - Summon Ice Beast      Ice/Summ       #.......     93%         4    #####..


Dungeon Overview and Level Annotations

Branches:
Dungeon (4/15)             Temple (0/1) D:4

Altars:
Makhleb
Pakellas


Message History

a hand axe; a leather armour; a war axe
Items here: $ ( ) ? a flail of crushing; a tomahawk; a scroll labeled KESERCHECZIFF; 14 gold pieces You see here a flail.
You see here a flail.
You see here a flail.
You see here a flail.
You see here a flail.
You see here a flail.
Unknown command.
Unknown command.
Casting: Call Canine Familiar
Confirm with . or Enter, or press ? or * to list all spells.
You miscast Call Canine Familiar.
You are very lightly contaminated with residual magic.
Shadowy shapes form in the air around you, then vanish.
The ogre hits you with a giant club!!
* * * LOW HITPOINT WARNING * * *
Enter note: ffffffffffff LAG Are you sure you want to abandon this character and quit the game? (Confirm with "yes".)

### ########.##
######.# #......#
#.###..# #.# #..#
..#.###.###..#
#............#
#######
.#.###.##...##
#.)..).
#.@O....#####(####)
####.......).(# ##.
##...####.####..
##.###......... #[#
#...#.#... #.#
#..#.#.#.. #'#
#.#.#.#.#. ...
#..#.>.#.. ...
#.#.#.#.#.


You could see an ogre.

Vanquished Creatures
  An orc priest (D:4)
  An adder (D:3)
  A worm (D:2)
  2 dart slugs (D:1)
  2 giant geckos
  2 orcs (D:4)
  A bat (D:1)
  2 goblins
  7 hobgoblins
  4 jackals (D:1)
  A quokka (D:4)
  3 giant newts
  2 kobolds
  4 rats
33 creatures vanquished.

Vanquished Creatures (collateral kills)
  An orc priest (D:4)
  An orc wizard (D:4)
  3 adders
  2 dart slugs
  A giant gecko (D:2)
  4 orcs (D:4)
  A ball python (D:1)
  A giant cockroach (D:4)
  7 goblins
  3 hobgoblins (D:1)
  2 jackals (D:2)
  2 bats
  2 kobolds
  A rat (D:1)
31 creatures vanquished.

Grand Total: 64 creatures vanquished

Notes
Turn   | Place    | Note
--------------------------------------------------------------
     0 | D:1      | Joat the Merfolk Summoner began the quest for the Orb.
     0 | D:1      | Reached XP level 1. HP: 13/13 MP: 3/3
   496 | D:1      | Reached XP level 2. HP: 10/20 MP: 0/5
   752 | D:1      | Reached skill level 1 in Fighting
  1024 | D:1      | Reached XP level 3. HP: 19/26 MP: 2/6
  1036 | D:1      | Learned a level 3 spell: Call Canine Familiar
  1649 | D:2      | Found an oddly glowing altar of Pakellas.
  2069 | D:2      | Found a burning altar of Makhleb.
  2267 | D:3      | Reached XP level 4. HP: 27/33 MP: 1/7
  3026 | D:4      | Found a staircase to the Ecumenical Temple.
  3096 | D:4      | Reached XP level 5. HP: 5/39 MP: 6/8
  3138 | D:4      | Learned a level 4 spell: Summon Ice Beast
  3398 | D:4      | Noticed an ogre
  3484 | D:4      | ffffffffffff LAG
  3484 | D:4      | Quit the game

Skill      XL: |  1  2  3  4 |
---------------+-------------+-----
Dodging        | 3 4 |  4.3
Fighting       | 1 2 |  2.9
Stealth        | |  2.1
Spellcasting   | |  2.6
Summonings     | |  4.5

Action                   |  1- 3 |  4- 6 || total
-------------------------+-------+-------++-------
Melee: Mace              |    64 |    31 ||    95
       Falchion          |       |    16 ||    16
       Trident           |       |     5 ||     5
 Cast: Summon Small Mamm |    32 |     3 ||    35
       Call Canine Famil |    12 |     6 ||    18
  Use: Scroll            |     3 |     3 ||     6
       Potion            |       |     1 ||     1
 Stab: Sleeping          |     1 |     1 ||     2
  Eat: Chunk             |     5 |     5 ||    10
Armor: Robe              |    10 |     7 ||    17
Dodge: Dodged            |    73 |    44 ||   117
